 Dungeon Crawl Stone Soup version 0.25-a0-426-g7d9e569eea (webtiles) character file.

Game seed: 9191591766810937278, levelgen mode: deterministic

38 EvilCat the Stinger (level 3, -2/19 HPs)
             Began as a Deep Elf Venom Mage on Jan 25, 2020.
             Killed from afar by a white imp (7 damage)
             ... with a puff of frost
             ... summoned by Natasha
             ... on level 2 of the Dungeon.
             The game lasted 00:22:16 (1962 turns).

EvilCat the Stinger (Deep Elf Venom Mage)           Turns: 1962, Time: 00:22:16

Health: -2/19      AC:  2    Str:  5    XL:     3   Next: 25%
Magic:  8/10       EV: 13    Int: 20    God:
Gold:   44         SH:  0    Dex: 15    Spells: 8/9 levels left

rFire    . . .     SeeInvis .   (no weapon)
rCold    . . .     Gourm    .   (no shield)
rNeg     . . .     Faith    .   o - +0 robe
rPois    .         Spirit   .   (no helmet)
rElec    .         Reflect  .   (no cloak)
rCorr    +         Harm     .   (no gloves)
MR       .....                  (no boots)
Stlth    ++........             (no amulet)
HPRegen  0.06/turn              f - ring of resist corrosion
MPRegen  0.12/turn              (no ring)

@: no status effects
A: no striking features
a: no special abilities


You were on level 2 of the Dungeon.
You were not hungry.

You visited 1 branch of the dungeon, and saw 2 of its levels.

You collected 44 gold pieces.

Inventory:

Hand Weapons
 g - a +0 club
 h - a +0 club
 j - a +0 club
 k - a +0 club
 m - a +0 whip
 n - a +0 dagger
Missiles
 d - 34 stones (quivered)
 i - 24 bolts
Armour
 a - a +0 robe
 e - a +0 chain mail
 o - a +0 robe (worn)
 s - a +0 ring mail
 t - a +0 chain mail
Jewellery
 f - a ring of resist corrosion (left hand)
 q - an uncursed amulet of faith {unknown}
Scrolls
 p - a scroll of blinking {unknown}
 u - a scroll of identify {unknown}
Potions
 b - a potion of haste {unknown}
 l - a potion of curing {unknown}
 v - a potion of mutation {unknown}
Comestibles
 c - 3 rations


   Skills:
 + Level 2.8 Dodging
 + Level 2.7 Stealth
 + Level 3.5 Spellcasting
 + Level 1.5 Transmutations
 + Level 4.0 Poison Magic


You had 8 spell levels left.
You knew the following spells:

 Your Spells              Type           Power        Failure   Level  Hunger
a - Sting                 Tmut/Pois      ##..         4%          1    None

Your spell library contained the following spells:

 Spells                   Type           Power        Failure   Level  Hunger
 Poisonous Vapours        Pois/Air       ##....       9%          2    ##.....
 Ignite Poison            Fire/Tmut/Pois ##......     19%         3    ###....
 Mephitic Cloud           Conj/Pois/Air  #.......     24%         3    ###....
 Olgreb's Toxic Radiance  Pois           ###.....     26%         4    ####...


Dungeon Overview and Level Annotations

Branches:
Dungeon (2/15)

Altars:

Annotations:
D:2 Natasha


Message History

Confirm with . or Enter, or press ? or * to list all spells.
Aiming: Sting (safe; 4% risk of failure)
Press: ? - help, Shift-Dir - straight line, f - white imp, p - Natasha
Aim: a white imp (summoned)
The sting hits the white imp.
The white imp partially resists.
The white imp is poisoned.
The white imp is lightly wounded.
The white imp gestures at you. The puff of frost hits you!
* * * LOW HITPOINT WARNING * * *
Casting: Sting (safe; 4% risk of failure)
Confirm with . or Enter, or press ? or * to list all spells.
Aiming: Sting (safe; 4% risk of failure)
Press: ? - help, Shift-Dir - straight line, f/p - white imp
Aim: a white imp (moderately wounded, poisoned, summoned)
The sting hits the white imp.
The white imp partially resists.
The white imp is moderately wounded.
The white imp gestures at you. The puff of frost hits you!
You die...

.##.# #+# #ยง# ....#
#.# #.# ##### ####.##
#.# # #.....# #.# #
######.....## #5#
###...........# #h#
......##.....## #.#
###...##.#...########5#
######.#......@..5h.#
#.....##########
#######


You could see Natasha, a crimson imp and a white imp.

Vanquished Creatures
  An adder (D:2)
  An ooze (D:1)
  A worm (D:2)
  2 leopard geckos (D:1)
  3 giant cockroaches
  2 goblins (D:1)
  3 hobgoblins (D:1)
  2 kobolds (D:2)
  A ball python (D:1)
  2 bats (D:1)
  2 frilled lizards (D:1)
  A rat (D:1)
21 creatures vanquished.

Notes
Turn   | Place    | Note
-------+----------+-------------------------------------------
     0 | D:1      | EvilCat the Deep Elf Venom Mage began the quest for the
                  | Orb.
     0 | D:1      | Reached XP level 1. HP: 10/10 MP: 6/6
   830 | D:1      | Reached XP level 2. HP: 14/15 MP: 5/8
  1680 | D:2      | Reached skill level 4 in Poison Magic
  1680 | D:2      | Reached XP level 3. HP: 5/19 MP: 6/10
  1940 | D:2      | Noticed Natasha
  1962 | D:2      | Killed from afar by a white imp

Levels and vault maps discovered:
D:1:      dpeg_arrival_pond, layout_loops_ring
D:2:      layout_loops_corners, marbit_many_paths, first_ration,
          nemelex_lonely_heart_becter, uniq_natasha, uniq_robin, uniq_sigmund

Skill      XL: |  1  2 |
---------------+-------+-----
Poison Magic   | 4 |  4.0
Dodging        | |  2.8
Stealth        | |  2.7
Spellcasting   | |  3.5
Transmutations | |  1.5

Action                   || total
-------------------------++-------
 Cast: Sting             ||    34
  Use: Scroll            ||     1
  Eat: Ration            ||     1
Armor: Robe              ||     3
Dodge: Dodged            ||    23

Table legend:
 A = Non-vault XP
 B = Vault XP
 C = Vault XP percentage of total XP
 D = Non-vault monster count
 E = Vault monster count
 F = Vault count percentage of total count
                 A         B        C        D         E       F
            +---------+---------+-------+---------+---------+-------
      Total |      55 |       0 |   0.0 |      21 |       0 |   0.0
            +---------+---------+-------+---------+---------+-------
        D:1 |      30 |       0 |   0.0 |      15 |       0 |   0.0
        D:2 |      25 |       0 |   0.0 |       6 |       0 |   0.0
            +---------+---------+-------+---------+---------+-------
